 Dungeon Crawl Stone Soup version 0.31.0-9-g3a7656b989 (webtiles) character file.

Game seed: 6938333307143087388

102 qw the Shooter (level 4, -3/25 HPs)
             Began as a Deep Elf Hunter on Feb 2, 2024.
             Slain by Terence
             ... wielding a +0 mace
              (4 damage)
             ... on level 3 of the Dungeon.
             The game lasted 00:00:08 (1965 turns).

qw the Shooter (Deep Elf Hunter)                    Turns: 1965, Time: 00:00:08

Health: -3/25      AC:  5    Str: 10    XL:     4   Next: 49%
Magic:  6/6        EV: 11    Int: 14    God:
Gold:   84         SH:  0    Dex: 18    Spells: 3/3 levels left

rFire   . . .        a - +1 shortbow
rCold   . . .        (shield currently unavailable)
rNeg    . . .        k - +0 ring mail
rPois   .            (no helmet)
rElec   .            (no cloak)
rCorr   .            (no gloves)
SInv    .            (no boots)
Will    .....        (no amulet)
Stlth   +            (no ring)
HPRegen 0.24/turn    (no ring)
MPRegen 0.10/turn

%: no passive effects
@: about to teleport
A: no striking features
a: no special abilities


You were on level 3 of the Dungeon.
You visited 1 branch of the dungeon, and saw 3 of its levels.

You collected 84 gold pieces.


   Skills:
 - Level 1.5 Fighting
 + Level 7.9 Ranged Weapons
 - Level 2.4 Dodging
 - Level 1.2 Stealth


You had 3 spell levels left.
You didn't know any spells.
Your spell library was empty.

Inventory:

Hand Weapons
 a - a +1 shortbow (weapon)
Armour
 e - a +3 ring mail of willpower
 k - a +0 ring mail (worn)
 m - the +1 robe of the Valley {Will+}
   (You found it on level 3 of the Dungeon)

   Will+:     It increases your willpower.
Scrolls
 b - a scroll of amnesia {unknown}
 f - 3 scrolls of teleportation
 g - a scroll of fear {unknown}
 l - a scroll of immolation {unknown}
Potions
 c - a potion of attraction {unknown}
 d - 5 potions of curing
 h - a potion of mutation
 i - a potion of enlightenment {unknown}
 j - 2 potions of heal wounds

Dungeon Overview and Level Annotations

Branches:
Dungeon (3/15)

Altars:

Shops:
D:2 [

Annotations:
D:3 Terence


Message History

There is a stone staircase leading down here.
d - 5 potions of curing (gained 1)
Found a stone staircase leading down.
Terence the Incautious comes into view.
He is wielding a +0 mace and wearing a +2 chain mail of poison resistance.
You shoot an arrow.
The arrow hits Terence but does no damage.
Terence shouts!
Terence screams, "I want your blood!"
You shoot an arrow. The arrow closely misses Terence.
You shoot an arrow.
The arrow hits Terence but does no damage.
Terence barely misses you.
You shoot an arrow.
The arrow hits Terence but does no damage.
Terence barely misses you.
You shoot an arrow.
The arrow hits Terence but does no damage.
Terence closely misses you. Terence hits you with a +0 mace!
You shoot an arrow. The arrow hits Terence!
Terence is moderately wounded.
Terence hits you with a +0 mace.
You shoot an arrow.
The arrow hits Terence but does no damage.
Terence is moderately wounded.
Terence hits you with a +0 mace!
You shoot an arrow. The arrow closely misses Terence.
Terence hits you but does no damage.
You shoot an arrow.
The arrow hits Terence but does no damage.
Terence is moderately wounded.
Terence hits you with a +0 mace.
You shoot an arrow. The arrow barely misses Terence.
Terence hits you with a +0 mace.
1965 ||| READING 4 scrolls of teleportation.
As you read the scroll of teleportation, it crumbles to dust.
You feel strangely unstable.
Terence asks, "Do you want it fast or slow?"
Terence hits you with a +0 mace.
You die...
Terence says, "Rest in peace."

##......##.##.#.#
#########
........##.##.#.#
####.##.....<.#.###
#......%#......#
##.....##.##.#.###
#[....##.#......#
#.....##.#....#.#
#.....##.#.##.#.#
#.....##.#.#@.#.#
########....@.#.#
###.#.##.# #..>. .#
###?# ## #.# #.#
#.#


You could see Terence.

Vanquished Creatures
  4 adders
  2 dart slugs
  2 ribbon worms
  3 ball pythons
  7 bats
  8 endoplasms
  2 giant cockroaches
  5 goblins
  5 hobgoblins
  4 kobolds
  2 quokkas
  5 frilled lizards
  5 rats
54 creatures vanquished.

Notes
Turn   | Place    | Note
-------+----------+-------------------------------------------
     0 | D:1      | qw the Deep Elf Hunter began the quest for the Orb.
     0 | D:1      | Reached XP level 1. HP: 12/12 MP: 3/3
     0 | D:1      | 0 ||| qw: Version: 0.3-a-155-g5e7d8dd
     0 | D:1      | 0 ||| qw: Game counter: 1215
     0 | D:1      | 0 ||| qw: Melee chars always use a shield: true
     0 | D:1      | 0 ||| qw: God list: Okawaru
     0 | D:1      | 0 ||| qw: Allow faded altars: false
     0 | D:1      | 0 ||| qw: Do Orc after clearing Dungeon:15 true
     0 | D:1      | 0 ||| qw: Do second Lair branch before Depths: true
     0 | D:1      | 0 ||| qw: Lair rune preference: random
     0 | D:1      | 0 ||| qw: Goals: Normal
     0 | D:1      | 0 ||| PLANNING D:1-11
   143 | D:1      | Reached skill level 6 in Ranged Weapons
   143 | D:1      | Reached XP level 2. HP: 16/16 MP: 4/4
   556 | D:1      | Found a faded altar of an unknown god.
   815 | D:1      | 815 ||| UPGRADING to +0 ring mail.
   825 | D:1      | 825 ||| DROPPING +0 leather armour.
   826 | D:1      | 826 ||| READING scroll labelled LOURIKHINEFF.
   829 | D:1      | 829 ||| READING 4 scrolls labelled QEVOVI XAVO.
   829 | D:1      | 829 ||| IDENTIFYING fizzy orange potion
   830 | D:1      | 830 ||| READING 3 scrolls of identify.
   830 | D:1      | 830 ||| IDENTIFYING smoky green potion
   831 | D:1      | 831 ||| READING 2 scrolls of identify.
   831 | D:1      | 831 ||| IDENTIFYING yellow potion
   832 | D:1      | 832 ||| READING scroll of identify.
   832 | D:1      | 832 ||| IDENTIFYING 3 glowing yellow potions
   833 | D:1      | 833 ||| READING scroll labelled ORUILU TAAD YKUI.
   934 | D:1      | 934 ||| DROPPING scroll of butterflies.
   935 | D:1      | 935 ||| DROPPING potion of invisibility.
   960 | D:2      | 960 ||| STAIRDANCE
  1001 | D:2      | Reached XP level 3. HP: 20/20 MP: 5/5
  1144 | D:2      | Reached skill level 7 in Ranged Weapons
  1198 | D:2      | Found Diurph's Antique Armour Emporium.
  1210 | D:2      | 1210 ||| SHOPLISTING +2 pair of slick slippers {slick,
                  | slippery, EV+4} (513 gold, have 60).
  1210 | D:2      | 1210 ||| SHOPLISTING crude ring mail (171 gold, have 60).
  1210 | D:2      | 1210 ||| SHOPLISTING helmet (85 gold, have 60).
  1210 | D:2      | 1210 ||| SHOPLISTING shiny helmet (142 gold, have 60).
  1252 | D:2      | Reached XP level 4. HP: 12/25 MP: 6/6
  1274 | D:2      | 1274 ||| FLEEEEING.
  1318 | D:2      | 1318 ||| FLEEEEING.
  1319 | D:2      | 1319 ||| FLEEEEING.
  1587 | D:2      | 1587 ||| READING scroll labelled HONEZA DUASUAP.
  1588 | D:2      | 1588 ||| READING scroll labelled DATUEM MON.
  1588 | D:2      | 1588 ||| ENCHANTING +0 shortbow.
  1589 | D:2      | 1589 ||| READING scroll labelled LAYCSO RUCHE.
  1664 | D:3      | HP: 6/25 [poisoned by an adder]
  1665 | D:3      | 1665 ||| READING 4 scrolls of teleportation.
  1665 | D:3      | HP: 1/25 [ribbon worm (4)]
  1666 | D:3      | 1666 ||| DRINKING 3 potions of heal wounds.
  1845 | D:3      | Identified the +1 robe of the Valley {Will+}
  1954 | D:3      | Noticed Terence
  1964 | D:3      | HP: 1/25 [Terence/+0 mace (6)]
  1965 | D:3      | 1965 ||| READING 4 scrolls of teleportation.
  1965 | D:3      | Slain by Terence

Levels and vault maps discovered:
D:1:      dpeg_arrival_short_road, layout_loops_ring,
          shapermc_ecumenical_altar_venn, serial_forest,
          infiniplex_forest_lined_corner, infiniplex_forest_join,
          infiniplex_forest_3_way, infiniplex_forest_lined_ring,
          infiniplex_forest_side_room, infiniplex_forest_corner_1,
          infiniplex_forest_clump_tiny, minmay_curled_crystal
D:2:      layout_loops_ring, serial_shops, shop, minmay_box_of_dots
D:3:      layout_loops_cross, mainiacjoe_overflow_small_starburst, uniq_terence

Skill      XL: |  1  2  3 |
---------------+----------+-----
Ranged Weapons | 6 7 |  7.9
Fighting       | |  1.5
Dodging        | |  2.4
Stealth        | |  1.2

Action                     |  1- 3 |  4- 6 || total
---------------------------+-------+-------++-------
   Fire: Shortbow          |    81 |    67 ||   148
    Use: Scroll            |     6 |     5 ||    11
         Potion            |       |     1 ||     1
 Armour: Leather armour    |     6 |       ||     6
         Ring mail         |    17 |    21 ||    38
  Dodge: Dodged            |     9 |    25 ||    34

Table legend:
 A = Non-vault XP
 B = Vault XP
 C = Vault XP percentage of total XP
 D = Non-vault monster count
 E = Vault monster count
 F = Vault count percentage of total count
                 A         B        C        D         E       F
            +---------+---------+-------+---------+---------+-------
      Total |     127 |      19 |  13.0 |      51 |       3 |   5.6
            +---------+---------+-------+---------+---------+-------
        D:1 |      36 |       0 |   0.0 |      20 |       0 |   0.0
        D:2 |      59 |      19 |  24.4 |      20 |       3 |  13.0
        D:3 |      32 |       0 |   0.0 |      11 |       0 |   0.0
            +---------+---------+-------+---------+---------+-------
